 Dungeon Crawl Stone Soup version 0.27-a0-32-g443bf2d2ca (webtiles) character file.

Game seed: 153784048956384168

61 Descartes the Covert (level 3, 0/17 HPs)
             Began as a Felid Delver on Jan 4, 2021.
             Slain by an adder (1 damage)
             ... on level 2 of the Dungeon.
             The game lasted 00:02:18 (910 turns).

Descartes the Covert (Felid Delver)                  Turns: 910, Time: 00:02:19

Health: 0/17       AC:  1    Str:  9    XL:     3   Next: 83%
Magic:  4/4        EV: 19    Int: 11    God:
Gold:   0          SH:  0    Dex: 17    Spells: 2/2 levels left
                                        Lives:  0   Deaths: 1

rFire    . . .     SeeInvis +     - Unarmed
rCold    . . .     Faith    .   (shield unavailable)
rNeg     . . .     Spirit   .   (armour unavailable)
rPois    .         Reflect  .   (helmet unavailable)
rElec    .         Harm     .   (cloak unavailable)
rCorr    .         Rampage  .   (gloves unavailable)
Will     .....                  (boots unavailable)
Stlth    ++++......             (no amulet)
HPRegen  0.05/turn              (no ring)
MPRegen  0.09/turn              (no ring)

@: lethally poisoned (0 -> -3), quick
A: very small, no armour, no weapons or thrown items, stealth, claws 1, fangs 3,
see invisible, speed 1, shaggy fur 1, sharp paws
a: no special abilities


You were on level 2 of the Dungeon.
You visited 1 branch of the dungeon, and saw 4 of its levels.

Inventory:

Wands
 e - a wand of digging (3)
Scrolls
 a - a scroll of fog
 b - a scroll of magic mapping
 c - a scroll of fear
 f - a scroll of remove curse {unknown}
 g - a scroll of identify {unknown}
Potions
 d - a potion of haste


   Skills:
 - Level 3.0 Fighting
 + Level 4.1 Dodging
 * Level 8.2 Stealth
 + Level 3.0 Unarmed Combat


You had 2 spell levels left.
You didn't know any spells.
Your spell library was empty.

Dungeon Overview and Level Annotations

Branches:
Dungeon (5/15)
 Temple: D:4-7

Altars:
Ru


Innate Abilities, Weirdness & Mutations

You cannot wear armour.
You are incapable of wielding weapons or throwing items.
Your paws allow you to move quietly. (Stealth)
You have sharp claws.
You have razor-sharp teeth.
You have supernaturally acute eyesight. (SInv)
You cover ground quickly.
You are covered in fur. (AC +1)
Your sharp claws are effective at attacking unaware monsters.


Message History

The adder is severely wounded.
The adder misses you.
You closely miss the adder.
The adder is severely wounded.
The adder misses you.
You miss the adder.
The adder is severely wounded.
* * * LOW HITPOINT WARNING * * *
You feel sick. The adder closely misses you.
You barely miss the adder.
The adder is severely wounded.
The adder bites you.
* * * LOW HITPOINT WARNING * * *
You scratch the adder.
The adder is almost dead.
The adder barely misses you. The adder misses you.
You completely miss the adder.
The adder is almost dead.
The adder bites you.
You die...

#...#######
##.## #.#
#.# #.# #.#
#.# #.# #@#
#S# #.# #..
###


You could see an adder.

Vanquished Creatures
  A howler monkey (D:5)
  A bullfrog zombie (D:5)
  An orc wizard (D:3)
  2 adders (D:3)
  3 jackals
  5 quokkas
  A goblin (D:3)
14 creatures vanquished.

Notes
Turn   | Place    | Note
-------+----------+-------------------------------------------
     0 | D:5      | Descartes the Felid Delver began the quest for the Orb.
     0 | D:5      | Reached XP level 1. HP: 10/10 MP: 2/2
    51 | D:5      | Noticed a howler monkey
    57 | D:5      | Noticed a worker ant
    58 | D:5      | Killed a howler monkey
    59 | D:5      | Reached skill level 7 in Stealth
    59 | D:5      | Reached XP level 2. HP: 14/14 MP: 3/3
    59 | D:5      | Reached XP level 3. HP: 17/17 MP: 4/4
   404 | D:4      | Reached XP level 4. HP: 5/21 MP: 5/5
   652 | D:3      | Found a sacrificial altar of Ru.
   663 | D:3      | Reached skill level 8 in Stealth
   707 | D:3      | HP: 1/21 [adder (1)]
   708 | D:3      | Slain by an adder
   709 | D:3      | Reached XP level 3. HP: -1/17 MP: 4/4
   910 | D:2      | Slain by an adder

Illustrated notes

Levels and vault maps discovered:
D:2:      layout_loops_ring, general_overflow_altar, uniq_natasha
D:3:      layout_loops_cross, nicolae_ru_great_annihilating_truth,
          kennysheep_slug_shrine
D:4:      layout_loops_ring, minmay_temple_entry_tees, serial_shops, shop,
          minmay_between
D:5:      layout_basic, lemuel_round_altar, old_standard_altar, minitemple,
          hex_tiny, kennysheep_generic_room_13

Skill      XL: |  1  2  3  4 |
---------------+-------------+-----
Dodging        | 3 4 |  4.1
Stealth        | 7 8 |  8.2
Unarmed Combat | 3 |  3.0
Fighting       | |  3.0

Action                   |  1- 3 |  4- 6 || total
-------------------------+-------+-------++-------
Melee: Unarmed           |    47 |    40 ||    87
       Bite              |     1 |     3 ||     4
  Use: Potion            |       |     1 ||     1
 Stab: Sleeping          |     4 |     2 ||     6
       Paralysed         |       |     1 ||     1
Armor: Skin              |     1 |     1 ||     2
Dodge: Dodged            |    44 |    36 ||    80

Table legend: (Time is in decaauts)
 A = Elapsed time spent in this place.
 B = Non-inter-level travel time spent in this place.
 C = Inter-level travel time spent in this place.
 D = Time resting spent in this place.
 E = Time spent auto-exploring this place.
 F = Levels seen in this place.
 G = Mean time per level.
                   A        B        C        D        E       F      G
               +--------+--------+--------+--------+--------+-----+--------+
         Total |    843 |    843 |      0 |     91 |    470 |   4 |  210.8 |
       Dungeon |    843 |    843 |      0 |     91 |    470 |   4 |  210.8 |
               +--------+--------+--------+--------+--------+-----+--------+

Top non-repeatable levels by time:
     D:5: 356 daAuts
     D:3: 304 daAuts
     D:2: 164 daAuts
     D:4: 18 daAuts
